 Dungeon Crawl Stone Soup version 0.23-a0-73-g64c3ba73d4 (webtiles) character file.

7581 Roikka the Thaumaturge (level 11, -5/81 HPs)
             Began as a Gnoll Wizard on Aug 10, 2018.
             Was a Believer of Ashenzari.
             Slain by Snorg (18 damage)
             ... on level 10 of the Dungeon.
             The game lasted 01:03:58 (14026 turns).

Roikka the Thaumaturge (Gnoll Wizard)              Turns: 14026, Time: 01:04:00

Health: -5/81      AC:  8    Str: 12    XL:     11   Next: 17%
Magic:  13/24      EV: 17    Int: 25    God:    Ashenzari [**....]
Gold:   336        SH:  7    Dex: 20    Spells: 13/28 levels left

rFire    . . .     SeeInvis .   x - +1 whip of Jeagikk {venom, *Corrode Int+3 Dex+7 Stlth+} (curse)
rCold    . . .     Gourm    .   s - +0 buckler (curse)
rNeg     . . .     Faith    .   r - +1 leather armour {rPois} (curse)
rPois    +         Spirit   .   b - +0 hat
rElec    .         Reflect  .   F - scarf {repulsion}
rCorr    .         Harm     +   (no gloves)
MR       +....                  a - +0 pair of boots
Stlth    +++++.....             n - amulet of harm (curse)
HPRegen  0.23/turn              h - +2 ring of protection
MPRegen  0.19/turn              N - ring of protection from magic (curse)

@: repel missiles
A: distributed training, fangs 1, strong nose
a: Curse Item, Scrying, Renounce Religion


You were on level 10 of the Dungeon.
You worshipped Ashenzari.
Ashenzari was pleased with you.
You were hungry.

You visited 2 branches of the dungeon, and saw 11 of its levels.
You also visited: Sewer and Ossuary.

You collected 484 gold pieces.
You spent 148 gold pieces at shops.

Inventory:

Hand Weapons
 x - the cursed +1 whip of Jeagikk (weapon) {venom, *Corrode Int+3 Dex+7 Stlth+}
   (You found it on level 4 of the Dungeon)

   It poisons the flesh of those it strikes.
   It affects your intelligence (+3).
   It affects your dexterity (+7).
   It may corrode you when you take damage.
   It makes you more stealthy.
   It has a curse placed upon it.
Armour
 a - a +0 pair of boots (worn)
 b - a +0 hat (worn)
 r - a cursed +1 leather armour of poison resistance (worn)
 s - a cursed +0 buckler (worn)
 v - a +3 leather armour
 E - the +4 scale mail of True Grit {rF+}
   (You found it on level 5 of the Dungeon)

   It protects you from fire.
 F - a scarf of repulsion (worn)
 J - a scarf of resistance
Jewellery
 g - a +2 ring of evasion
 h - a +2 ring of protection (left hand)
 n - a cursed amulet of harm (around neck)
 o - an uncursed ring of stealth
 N - a cursed ring of protection from magic (right hand)
Wands
 t - a wand of scattershot (5)
 A - a wand of iceblast (18)
 M - a wand of disintegration (17)
 P - a wand of flame (12)
Scrolls
 e - a scroll of vulnerability {unknown}
 k - 6 scrolls of teleportation
 w - a scroll of remove curse
 y - a scroll of fog
 C - 2 scrolls of enchant weapon
 H - a scroll of blinking
 L - a scroll of enchant armour {unknown}
 O - a scroll of summoning {unknown}
Potions
 c - 4 potions of cancellation
 f - 2 potions of berserk rage
 i - 3 potions of agility
 j - 2 potions of haste
 l - 3 potions of brilliance
 m - 3 potions of lignification
 p - 2 potions of magic {unknown}
 q - 2 potions of heal wounds {unknown}
 z - 2 potions of invisibility {unknown}
 D - 3 potions of curing
 I - 2 potions of might {unknown}
Comestibles
 d - 17 rations


   Skills:
 + Level 5.9 Fighting
 + Level 5.9 Short Blades
 + Level 5.9 Long Blades
 + Level 5.9 Axes
 + Level 5.9(8.2) Maces & Flails
 + Level 5.9 Polearms
 + Level 5.9 Staves
 + Level 5.9 Slings
 + Level 5.9 Bows
 + Level 5.9 Crossbows
 + Level 5.9 Throwing
 + Level 5.9 Armour
 + Level 7.6 Dodging
 + Level 7.3 Stealth
 + Level 5.9(7.4) Shields
 + Level 5.9 Unarmed Combat
 + Level 9.3 Spellcasting
 + Level 5.4(6.8) Conjurations
 + Level 4.9(6.3) Hexes
 + Level 4.9(6.3) Charms
 + Level 5.4(6.8) Summonings
 + Level 4.9(6.3) Necromancy
 + Level 5.4(6.8) Translocations
 + Level 4.9(6.3) Transmutations
 + Level 4.9(6.3) Fire Magic
 + Level 4.9(6.3) Ice Magic
 + Level 4.9(6.3) Air Magic
 + Level 4.9(6.3) Earth Magic
 + Level 4.9(6.3) Poison Magic
 + Level 6.5 Invocations
 + Level 5.9(7.4) Evocations


You had 13 spell levels left.
You knew the following spells:

 Your Spells              Type           Power        Failure   Level  Hunger
a - Magic Dart            Conj           ####         1%          1    None
b - Call Imp              Summ           #####...     1%          2    None
c - Blink                 Tloc           N/A          1%          2    None
d - Conjure Flame         Conj/Fire      #####...     1%          3    None
e - Mephitic Cloud        Conj/Pois/Air  #####...     1%          3    None
f - Olgreb's Toxic Radia  Pois           #####...     4%          4    #......

Your spell library contained the following spells:

 Spells                   Type           Power        Failure   Level  Hunger
 Lightning Bolt           Conj/Air       #####.....   12%         5    ####...
 Slow                     Hex            #####...     1%          2    None
 Venom Bolt               Conj/Pois      #####.....   12%         5    ####...
 Sting                    Conj/Pois      ####         1%          1    None
 Shock                    Conj/Air       ####         1%          1    None
 Swiftness                Chrm/Air       #####...     1%          2    None
 Airstrike                Air            #####.....   4%          4    #......
 Static Discharge         Conj/Air       #####...     1%          3    None
 Poisonous Vapours        Pois/Air       #####.       1%          2    None


Dungeon Overview and Level Annotations

Branches:
Dungeon (10/15)            Temple (1/1) D:4             Orc (0/2) D:9
   Lair: D:8-11

Altars:
Ashenzari
Cheibriados
Dithmenos
Fedhas
Kikubaaqudgha
Makhleb
Nemelex Xobeh
Qazlal
Ru
Sif Muna
Trog
Wu Jian
Xom

Shops:
D:6 [

Annotations:
D:10 Snorg


Innate Abilities, Weirdness & Mutations

Your experience applies equally to all skills.
You have very sharp teeth.
Your uncanny sense of smell can sniff out nearby items.


Message History

Press: ? - help, Shift-Dir - straight line, f/p - Snorg
Aim: Snorg (flame, heavily wounded, berserk, fast, unusually strong, poisoned)
The magic dart hits Snorg.
Snorg is heavily wounded.
Snorg is engulfed in blazing flames.
You block Snorg's attack. Snorg closely misses you. Snorg claws you.
Snorg is engulfed in blazing flames.
You block Snorg's attack. Snorg claws you. Snorg closely misses you.
Casting: Magic Dart (safe; 1% risk of failure)
Confirm with . or Enter, or press ? or * to list all spells.
Aiming: Magic Dart (safe; 1% risk of failure)
Press: ? - help, Shift-Dir - straight line, f/p - Snorg
Aim: Snorg (flame, severely wounded, berserk, fast, unusually strong, poisoned)
The magic dart hits Snorg.
Snorg is severely wounded.
Snorg is engulfed in blazing flames.
Snorg bites you!!
* * * LOW HITPOINT WARNING * * *
Snorg claws you.
* * * LOW HITPOINT WARNING * * *
Snorg claws you!
You die...

* *#**
###* # .,
, * #..
.#.# * ,
#.###.#.#*
, #.#.....
* #@#.#.#
* ,
#.T...#
###.### ,
, #...#
###.5.###
#....†..#
#.....(.#
#.......#
,
###.....#
,,


You could see Snorg (berserk).

Vanquished Creatures
  A two-headed ogre (D:8)
  Maurice (D:8)
  Psyche (D:9)
  A troll (D:9)
  A hippogriff (D:7)
  3 yaks
  3 wyverns
  A hungry ghost (D:9)
  3 phantoms
  2 sky beasts
  A black bear (D:8)
  An orc warrior (D:7)
  An ice beast (D:7)
  An ogre (D:8)
  A necrophage (D:7)
  5 centaurs
  4 elf zombies (Ossuary)
  3 bullfrogs
  8 big kobolds
  2 water moccasin zombies
  3 scorpions
  3 wights (D:7)
  3 crimson imps
  A howler monkey (D:9)
  3 centaur zombies (Ossuary)
  4 human zombies (Ossuary)
  A jelly (D:9)
  7 hounds
  7 orc priests
  6 orc wizards
  2 bullfrog skeletons
  5 iguanas
  5 worker ants
  3 mummies (Ossuary)
  2 hound skeletons
  4 gnolls
  A howler monkey zombie (D:6)
  2 worker ant zombies
  9 adders
  3 river rats
  2 shadow imps
  7 oozes
  3 adder skeletons
  A worm (Sewer)
  A dart slug (D:3)
  6 leopard geckos
  28 orcs
  3 giant cockroaches
  9 hobgoblins
  2 jackals (D:3)
  19 kobolds
  5 ball pythons
  8 bats
  4 frilled lizards
  9 goblins
  A quokka zombie (D:7)
  15 rats
241 creatures vanquished.

Vanquished Creatures (collateral kills)
  An orc warrior (D:8)
  An ice beast (D:5)
  A sky beast (D:6)
  2 ogres (D:8)
  A big kobold (D:7)
  A bullfrog (D:6)
  3 scorpions
  A wight (D:7)
  A jelly (D:7)
  A centaur zombie (Ossuary)
  2 orc priests (D:5)
  2 hounds
  An orc wizard (D:5)
  A worker ant (D:4)
  2 gnolls (D:7)
  A howler monkey skeleton (D:8)
  A worm (D:6)
  5 orcs
  2 jackals (D:3)
  3 kobolds
  A rat (D:6)
34 creatures vanquished.

Grand Total: 275 creatures vanquished

Notes
Turn   | Place    | Note
-------+----------+-------------------------------------------
     0 | D:1      | Roikka the Gnoll Wizard began the quest for the Orb.
     0 | D:1      | Reached XP level 1. HP: 13/13 MP: 8/8
   167 | D:1      | Reached XP level 2. HP: 19/19 MP: 2/10
   470 | D:1      | Reached XP level 3. HP: 15/25 MP: 3/11
  1071 | D:2      | Found a sacrificial altar of Ru.
  1206 | D:2      | Reached skill level 1 in Invocations
  1541 | D:2      | Learned a level 2 spell: Call Imp
  1544 | D:2      | Learned a level 2 spell: Blink
  1548 | D:2      | Learned a level 3 spell: Conjure Flame
  1552 | D:2      | Learned a level 3 spell: Mephitic Cloud
  1643 | D:2      | Reached skill level 1 in Fighting
  1643 | D:2      | Reached skill level 1 in Short Blades
  1643 | D:2      | Reached skill level 1 in Long Blades
  1643 | D:2      | Reached skill level 1 in Axes
  1643 | D:2      | Reached skill level 1 in Maces & Flails
  1643 | D:2      | Reached skill level 1 in Polearms
  1643 | D:2      | Reached skill level 1 in Staves
  1643 | D:2      | Reached skill level 1 in Slings
  1643 | D:2      | Reached skill level 1 in Bows
  1643 | D:2      | Reached skill level 1 in Crossbows
  1643 | D:2      | Reached skill level 1 in Throwing
  1643 | D:2      | Reached skill level 1 in Armour
  1643 | D:2      | Reached skill level 1 in Shields
  1643 | D:2      | Reached skill level 1 in Unarmed Combat
  1643 | D:2      | Reached skill level 1 in Evocations
  1689 | D:2      | Reached XP level 4. HP: 32/32 MP: 10/13
  2161 | D:3      | Reached skill level 1 in Hexes
  2161 | D:3      | Reached skill level 1 in Charms
  2161 | D:3      | Reached skill level 1 in Necromancy
  2161 | D:3      | Reached skill level 1 in Transmutations
  2161 | D:3      | Reached skill level 1 in Fire Magic
  2161 | D:3      | Reached skill level 1 in Ice Magic
  2161 | D:3      | Reached skill level 1 in Air Magic
  2161 | D:3      | Reached skill level 1 in Earth Magic
  2161 | D:3      | Reached skill level 1 in Poison Magic
  2400 | D:3      | Reached XP level 5. HP: 28/37 MP: 0/14
  2564 | D:3      | Found a bloodstained altar of Trog.
  2597 | D:3      | Found a stormy altar of Qazlal.
  3394 | D:4      | Reached XP level 6. HP: 34/44 MP: 4/16
  3475 | D:4      | Found a staircase to the Ecumenical Temple.
  3506 | D:4      | Got a translucent whip
  3912 | D:4      | Found a sand-covered staircase.
  3925 | Ossuary  | Entered an ossuary
  4093 | Ossuary  | Reached skill level 5 in Dodging
  4285 | Ossuary  | Reached XP level 7. HP: 31/50 MP: 3/18
  4797 | Ossuary  | Reached skill level 5 in Stealth
  5042 | D:4      | Reached XP level 8. HP: 57/57 MP: 7/19
  5104 | Temple   | Entered the Ecumenical Temple
  5122 | Temple   | Became a worshipper of Ashenzari the Shackled
  5122 | Temple   | Identified the cursed +1 whip of Jeagikk {venom, *Corrode Int+3 Dex+7 Stlth+} (You found it on level 4 of the Dungeon)
  5529 | D:5      | Entered Level 5 of the Dungeon
  6094 | D:5      | Found an ancient bone altar of Kikubaaqudgha.
  6095 | D:5      | Found a shimmering altar of Xom.
  6123 | D:5      | Found a blossoming altar of Fedhas.
  6798 | D:5      | Reached skill level 8 in Spellcasting
  7062 | D:5      | Identified the +4 scale mail of True Grit {rF+}
  7275 | D:6      | Found a glowing drain.
  7286 | Sewer    | Entered a sewer
  7420 | Sewer    | Reached XP level 9. HP: 65/65 MP: 14/21
  7932 | Sewer    | Reached * piety under Ashenzari
  8699 | D:6      | Found a sacrificial altar of Ru.
  8859 | D:6      | Found Adisoova's Antique Armour Emporium.
  8862 | D:6      | Bought a transparent robe for 148 gold pieces
  8862 | D:6      | Identified the +1 robe of Kumorchopn {rPois rC+ Str-5} (You bought it in a shop on level 6 of the Dungeon)
  9376 | D:7      | Reached skill level 5 in Invocations
  9900 | D:7      | Reached XP level 10. HP: 71/73 MP: 9/22
 10661 | D:8      | Noticed a two-headed ogre
 10815 | D:8      | Reached skill level 5 in Fighting
 10815 | D:8      | Reached skill level 5 in Short Blades
 10815 | D:8      | Reached skill level 5 in Long Blades
 10815 | D:8      | Reached skill level 5 in Axes
 10815 | D:8      | Reached skill level 5 in Maces & Flails
 10815 | D:8      | Reached skill level 5 in Polearms
 10815 | D:8      | Reached skill level 5 in Staves
 10815 | D:8      | Reached skill level 5 in Slings
 10815 | D:8      | Reached skill level 5 in Bows
 10815 | D:8      | Reached skill level 5 in Crossbows
 10815 | D:8      | Reached skill level 5 in Throwing
 10815 | D:8      | Reached skill level 5 in Armour
 10815 | D:8      | Reached skill level 5 in Shields
 10815 | D:8      | Reached skill level 5 in Unarmed Combat
 10815 | D:8      | Reached skill level 5 in Evocations
 11407 | D:8      | Killed a two-headed ogre
 11407 | D:8      | Reached skill level 9 in Spellcasting
 11768 | D:8      | Reached skill level 5 in Conjurations
 11768 | D:8      | Reached skill level 5 in Summonings
 11768 | D:8      | Reached skill level 5 in Translocations
 12041 | D:8      | Noticed Maurice
 12460 | D:8      | Killed Maurice
 12548 | D:9      | Noticed Psyche
 12559 | D:9      | Killed Psyche
 12722 | D:9      | Reached ** piety under Ashenzari
 12733 | D:9      | Reached XP level 11. HP: 81/81 MP: 14/24
 12949 | D:9      | Learned a level 4 spell: Olgreb's Toxic Radiance
 13695 | D:9      | Found a staircase to the Orcish Mines.
 13873 | D:10     | Entered Level 10 of the Dungeon
 13873 | D:10     | Noticed Snorg
 14026 | D:10     | Slain by Snorg

Vault maps used:
D:1:      minmay_arrival_nine_rooms
D:2:      lemuel_round_altar
D:3:      bloody_trog, lemuel_crystal_altar, first_ration
D:4:      temple_fountains, enter_ossuary_1, minivault_1
D:5:      grunt_temple_overflow_open, serial_bayou, serial_bayou_pond_e,
          serial_bayou_pond_b, serial_bayou_pond_a, serial_bayou_crossing,
          serial_bayou_pond_c
D:6:      serial_shops, kennysheep_mini, portal_sewer_entry_e,
          nicolae_ru_great_annihilating_truth
D:7:      hangedman_abyss_or_decor_stagger
D:8:      blue_anna_alchemist, st_stairs_4, kennysheep_generic_room_13,
          uniq_maurice
D:9:      orc_0_dummy, uniq_psyche
D:10:     lair_entry_dummy, serial_shops, nicolae_shop_trees, uniq_grum,
          uniq_urug, uniq_snorg
Temple:   eino_temple_scatter_basement
Sewer:    sewer_co_tree
Ossuary:  ossuary_minmay_four_chambers

Skill      XL: |  1  2  3  4  5  6  7  8  9 10 |
---------------+-------------------------------+-----
Conjurations   | 2 3 4 5 |  5.4
Summonings     | 2 3 4 5 |  5.4
Translocations | 2 3 4 5 |  5.4
Invocations    | 1 2 3 4 5 6 |  6.5
Fighting       | 1 2 3 4 5 |  5.9
Short Blades   | 1 2 3 4 5 |  5.9
Long Blades    | 1 2 3 4 5 |  5.9
Axes           | 1 2 3 4 5 |  5.9
Maces & Flails | 1 2 3 4 5 |  5.9
Polearms       | 1 2 3 4 5 |  5.9
Staves         | 1 2 3 4 5 |  5.9
Slings         | 1 2 3 4 5 |  5.9
Bows           | 1 2 3 4 5 |  5.9
Crossbows      | 1 2 3 4 5 |  5.9
Throwing       | 1 2 3 4 5 |  5.9
Armour         | 1 2 3 4 5 |  5.9
Shields        | 1 2 3 4 5 |  5.9
Unarmed Combat | 1 2 3 4 5 |  5.9
Evocations     | 1 2 3 4 5 |  5.9
Hexes          | 1 2 3 4 |  4.9
Charms         | 1 2 3 4 |  4.9
Necromancy     | 1 2 3 4 |  4.9
Transmutations | 1 2 3 4 |  4.9
Fire Magic     | 1 2 3 4 |  4.9
Ice Magic      | 1 2 3 4 |  4.9
Air Magic      | 1 2 3 4 |  4.9
Earth Magic    | 1 2 3 4 |  4.9
Poison Magic   | 1 2 3 4 |  4.9
Dodging        | 5 6 7 |  7.6
Stealth        | 5 6 7 |  7.3
Spellcasting   | 8 9 |  9.3

Action                   |  1- 3 |  4- 6 |  7- 9 | 10-12 || total
-------------------------+-------+-------+-------+-------++-------
Melee: Unarmed           |    21 |       |       |       ||    21
       Bite              |     3 |     9 |    40 |    27 ||    79
       Short sword       |     9 |    51 |    23 |       ||    83
       Hand axe          |     1 |       |       |       ||     1
       Whip              |       |       |   212 |   207 ||   419
 Cast: Magic Dart        |    88 |   150 |   346 |   195 ||   779
       Call Imp          |       |    11 |    48 |    26 ||    85
       Conjure Flame     |       |     3 |    13 |     4 ||    20
       Mephitic Cloud    |       |       |     6 |     5 ||    11
       Blink             |       |       |     1 |       ||     1
       Olgreb's Toxic Ra |       |       |       |     5 ||     5
Invok: Curse Item        |       |       |     1 |     3 ||     4
  Use: Scroll            |     5 |     1 |     2 |    11 ||    19
 Stab: Distracted        |       |     1 |     3 |     1 ||     5
       Sleeping          |       |       |     2 |     1 ||     3
       Confused          |       |       |       |     1 ||     1
  Eat: Chunk             |     2 |     7 |     8 |    13 ||    30
       Ration            |       |     1 |     2 |       ||     3
Armor: Robe              |     6 |       |       |       ||     6
       Leather armour    |       |    12 |    42 |    37 ||    91
Dodge: Dodged            |    42 |    58 |   161 |   159 ||   420
       Deflected         |       |       |     7 |       ||     7
Block: Buckler           |       |    11 |    60 |    58 ||   129

Table legend:
 A = Non-vault XP
 B = Vault XP
 C = Vault XP percentage of total XP
 D = Non-vault monster count
 E = Vault monster count
 F = Vault count percentage of total count
 G = Total turns spent on level
                 A         B        C        D         E       F
            +---------+---------+-------+---------+---------+-------
      Total |    8237 |    2594 |  23.9 |     215 |      60 |  21.8
            +---------+---------+-------+---------+---------+-------
        D:1 |      50 |       0 |   0.0 |      26 |       0 |   0.0
        D:2 |      33 |       0 |   0.0 |      11 |       0 |   0.0
        D:3 |     211 |       0 |   0.0 |      35 |       0 |   0.0
        D:4 |     332 |       0 |   0.0 |      21 |       0 |   0.0
        D:5 |     832 |       0 |   0.0 |      20 |       0 |   0.0
        D:6 |     640 |      70 |   9.9 |      17 |      12 |  41.4
        D:7 |    1964 |     138 |   6.6 |      39 |       2 |   4.9
        D:8 |    2055 |     527 |  20.4 |      24 |       2 |   7.7
        D:9 |    1954 |     424 |  17.8 |      21 |       1 |   4.5
       D:10 |     166 |       0 |   0.0 |       1 |       0 |   0.0
      Sewer |       0 |     675 | 100.0 |       0 |      28 | 100.0
    Ossuary |       0 |     760 | 100.0 |       0 |      15 | 100.0
            +---------+---------+-------+---------+---------+-------
